Map: Dusk Towers

Players

TERAMS

  • Race: Terran Terran
  • League: Diamond

ILLBdA - Winner!

  • Race: Protoss Protoss
  • League: Diamond

VOD

Have the link to the VOD?

Description

Time

  • Played on: Jan. 1, 2016, 9:38 p.m.
  • Length: 8:31
Show
View Real Time Build Order
Export as new Build Order

TERAMS Terran 

Build Orders: Reaper Expand 

Get SALT Encoding   

  12  0:01  SCV  
  13  0:13  SCV  
  14  0:18  Supply Depot  
  14  0:25  SCV  
  15  0:39  SCV  
  15  0:41  Barracks  
  16  0:49  Refinery  
  16  0:51  SCV  
  17  1:03  SCV  
  18  1:16  SCV  
  19  1:28  Orbital Command  
  19  1:34  Reaper  
  20  1:40  Command Center  
  20  1:53  Supply Depot  
  20  1:56  SCV  
  21  2:08  SCV  
  22  2:09  Barracks Reactor  
  22  2:27  SCV  
  23  2:31  Factory  
  23  2:34  Refinery  
  23  2:35  Barracks  
  23  2:39  SCV  
  24  2:45  Marine x2  
  25  2:51  SCV  
  25  2:55  Orbital Command  
  26  3:03  SCV  
  26  3:04  Marine x2  
  29  3:15  Factory Tech Lab  
  28  3:21  Marine  
  28  3:22  Marine  
  30  3:31  SCV  
  30  3:32  Barracks Tech Lab  
  30  3:34  Siege Tank  
  34  3:36  Supply Depot  
  34  3:39  SCV, Marine  
  34  3:40  Starport  
  36  3:52  Marine  
  36  3:55  Stimpack  
  37  3:56  SCV x2  
  37  4:01  Engineering Bay  
  39  4:03  Marine x2  
  39  4:04  Liberator  
  39  4:08  SCV  
  42  4:11  SCV, Marine  
  42  4:15  Supply Depot  
  47  4:25  SCV x2  
  47  4:26  Missile Turret  
  47  4:30  Missile Turret  
  49  4:33  Marine x2  
  49  4:37  SCV  
  52  4:38  SCV  
  52  4:41  Supply Depot  
  52  4:45  Siege Tank  
  56  4:49  SCV, Refinery  
  56  4:51  SCV  
  58  4:55  Marine x2, Marauder  
  62  5:00  Supply Depot  
  62  5:03  SCV  
  63  5:11  Starport Reactor  
  63  5:13  Marine  
  64  5:15  SCV  
  64  5:16  SCV, Marauder  
  68  5:28  SCV x2  
  60  5:45  Missile Turret  
  60  5:49  Viking x2  
  57  5:53  SCV x2  
  57  5:56  Concussive Shells  
  44  6:05  SCV  
  44  6:07  SCV  
  39  6:17  SCV  
  37  6:29  SCV  
  37  6:30  SCV  
  32  6:33  Marauder, Marine x2  
  32  6:51  Marine x2  
  32  6:55  Marauder  
  32  7:09  Marine  
Show
View Real Time Build Order
Export as new Build Order

ILLBdA Protoss - Winner!

Build Orders: 1 Gate Expand, Dark Templar Rush 

Get SALT Encoding   

  12  0:01  Probe (Chrono Boost)  
  13  0:11  Probe (Chrono Boost)  
  14  0:19  Pylon  
  14  0:22  Probe (Chrono Boost)  
  15  0:39  Gateway  
  15  0:41  Assimilator  
  15  0:42  Probe (Chrono Boost)  
  16  0:52  Probe (Chrono Boost)  
  17  1:03  Probe (Chrono Boost)  
  18  1:13  Probe (Chrono Boost)  
  19  1:20  Nexus  
  19  1:24  Probe (Chrono Boost)  
  20  1:32  Cybernetics Core  
  20  1:34  Probe (Chrono Boost)  
  21  1:42  Pylon  
  21  1:46  Assimilator  
  21  1:49  Probe (Chrono Boost)  
  22  2:00  Probe (Chrono Boost)  
  25  2:08  Adept (Chrono Boost)  
  25  2:09  Warp Gate  
  25  2:11  Probe  
  25  2:26  Mothership Core (Chrono Boost)  
  27  2:30  Pylon  
  27  2:34  Adept  
  30  2:37  Probe (Chrono Boost)  
  30  2:44  Probe (Chrono Boost)  
  30  2:47  Probe (Chrono Boost)  
  32  2:54  Twilight Council  
  32  2:55  Probe (Chrono Boost)  
  32  2:58  Probe (Chrono Boost)  
  35  3:05  Probe (Chrono Boost)  
  35  3:08  Probe (Chrono Boost)  
  36  3:14  Robotics Facility  
  36  3:16  Probe (Chrono Boost)  
  36  3:19  Probe (Chrono Boost)  
  38  3:26  Probe (Chrono Boost)  
  39  3:29  Probe (Chrono Boost)  
  39  3:33  Dark Shrine  
  40  3:35  Assimilator  
  40  3:37  Probe (Chrono Boost)  
  40  3:40  Assimilator  
  41  3:47  Probe (Chrono Boost)  
  42  3:51  Probe (Chrono Boost)  
  42  3:54  Pylon  
  41  4:01  Warp Prism (Chrono Boost)  
  43  4:07  Gateway  
  43  4:08  Gateway  
  43  4:12  Blink (Chrono Boost)  
  43  4:17  Adept  
  43  4:19  Probe  
  43  4:20  Pylon  
  43  4:21  Probe  
  47  4:31  Gateway  
  47  4:33  Observer (Chrono Boost)  
  47  4:34  Probe  
  49  4:45  Dark Templar  
  52  4:53  Observer (Chrono Boost)  
  52  4:55  Pylon  
  52  5:08  Dark Templar x2, Probe  
  52  5:11  Probe, Nexus  
  52  5:13  Pylon  
  58  5:19  Probe, Adept  
  61  5:23  Probe  
  60  5:36  Dark Templar  
  60  5:41  Dark Templar  
  62  5:53  Dark Templar  
  62  5:54  Probe  
  65  6:02  Dark Templar  
  67  6:14  Immortal (Chrono Boost)  
  71  6:19  Stalker x2  
  71  6:21  Probe  
  72  6:33  Stalker  
  72  6:34  Probe  
  75  6:41  Gateway  
  75  6:43  Probe, Gateway  
  75  6:44  Gateway  
  75  6:45  Gateway  
  75  6:46  Probe  
  75  6:48  Probe  
  75  6:55  Probe  
  75  6:59  Stalker x4  
  75  7:10  Pylon  
  75  7:11  Probe  
  75  7:12  Probe, Assimilator  
  75  7:13  Probe  
  75  7:17  Assimilator  
  75  7:22  Probe  
  75  7:24  Forge  
  75  7:25  Probe x2  
  75  7:32  Probe  
  75  7:37  Probe  
  75  7:39  Stalker x3  
  75  7:40  Stalker  
  75  7:41  Stalker x2  
  75  7:42  Stalker  
  75  7:54  Pylon  
  75  7:55  Pylon  
  75  7:56  Pylon  
  75  7:58  Pylon  
  75  8:09  Pylon  
  75  8:12  Probe x2  
  75  8:13  Stalker x3  
  75  8:14  Stalker x5  
  75  8:28  Archon  
Tags
 
Add a new tag
Caveats
  • Supply blocks, unpowered buildings, or Contaminate may cause inaccurate times.
  • Supply counts are checked every 10 seconds.